 Dungeon Crawl Stone Soup version 0.22-a0-815-gb582571 (webtiles) character file.

287 Amnesiac the Digger (level 6, -1/41 HPs)
             Began as a Mummy Earth Elementalist on July 23, 2018.
             Was a Follower of Vehumet.
             Killed from afar by Ijyb (13 damage)
             ... with a wand of flame (33)
             ... on level 3 of the Dungeon.
             The game lasted 00:04:49 (2311 turns).

Amnesiac the Digger (Mummy Earth Elementalist)      Turns: 2311, Time: 00:04:50

Health: -1/41      AC:  5    Str: 12    XL:     6   Next: 8%
Magic:  13/13      EV: 12    Int: 16    God:    Vehumet [*.....]
Gold:   137        SH:  0    Dex: 12    Spells: 3/14 levels left

rFire    x . .     SeeInvis .   a - +0 hunting sling
rCold    + . .     Gourm    .   (no shield)
rNeg     + + +     Faith    .   c - +0 robe
rPois    ∞         Spirit   .   (no helmet)
rElec    .         Reflect  .   (no cloak)
rCorr    .         Harm     .   (no gloves)
MR       .....                  j - +2 pair of boots
Stlth    ++........             (no amulet)
HPRegen  0.13/turn              (no ring)
MPRegen  0.13/turn              (no ring)

@: no status effects
A: no food or potions, fire vulnerability, cold resistance 1, negative energy
resistance 3, torment resistance, unbreathing
a: Renounce Religion


You were on level 3 of the Dungeon.
You worshipped Vehumet.
Vehumet was aware of your devotion.
You were not hungry.

You visited 1 branch of the dungeon, and saw 3 of its levels.

You collected 137 gold pieces.

Inventory:

Hand Weapons
 a - a +0 hunting sling (weapon)
 b - a +0 dagger of protection
Missiles
 k - 78 stones (quivered)
Armour
 c - a +0 robe (worn)
 j - a +2 pair of boots (worn)
Scrolls
 d - 3 scrolls of identify {!r}
 e - 5 scrolls of remove curse {!r, unknown}
 f - a scroll of fog {!r}
 g - a scroll of immolation {!r}
 h - 2 scrolls of enchant weapon {!r}
 i - 2 scrolls of noise {!r}


   Skills:
 - Level 1.5 Dodging
 - Level 1.5 Stealth
 + Level 4.8 Spellcasting
 - Level 0.7 Transmutations
 * Level 4.9 Earth Magic


You had 3 spell levels left.
You knew the following spells:

 Your Spells              Type           Power        Failure   Level  Hunger
a - Sandblast             Erth           ###...       1%          1    N/A
b - Passwall              Tmut/Erth      ##......     8%          2    N/A
c - Stone Arrow           Conj/Erth      ##....       17%         3    N/A
d - Lee's Rapid Deconstr  Erth           ###.......   50%         5    N/A

Your spell library contained the following spells:

 Spells                   Type           Power        Failure   Level  Hunger
 Animate Skeleton         Necr           N/A          16%         1    N/A
 Petrify                  Tmut/Erth      ##......     43%         4    N/A

Dungeon Overview and Level Annotations

Branches:
Dungeon (3/15)

Altars:
Kikubaaqudgha
Sif Muna
Trog
Uskayaw
Vehumet

Annotations:
D:3 1 exclusion, Ijyb


Innate Abilities, Weirdness & Mutations

You do not eat or drink.
Your flesh is vulnerable to fire.
You are immune to poison.
Your flesh is cold resistant. (rC+)
You are immune to negative energy. (rN+++)
You are immune to unholy pain and torment.
You can survive without breathing.


Message History

You finish putting on your +2 pair of boots.
b - 78 stones (gained 2)
Okay, then.
Adjust (i)tems, (s)pells, or (a)bilities?
Okay, then.
Wield which item (- for none, * to show all)? (? for menu, Esc to quit)
Okay, then.
Adjust (i)tems, (s)pells, or (a)bilities?
Adjust which item? (? for menu, Esc to quit)
e - a +0 hunting sling (weapon)
Adjust to which letter? (? for menu, Esc to quit)
a - a +0 hunting sling (weapon)
e - 5 scrolls labeled VEVESE PODWOPT {!r} Adjust (i)tems, (s)pells, or (a)bilities?
Adjust which item? (? for menu, Esc to quit)
k - an uncursed dagger of protection Adjust to which letter? (? for menu, Esc to quit)
b - an uncursed dagger of protection;
k - 78 stones (quivered)
Really read
d - 7 scrolls labeled AGOEJEOCAQ {!r}?
As you read the scroll labeled AGOEJEOCAQ {!r}, it crumbles to dust.
It is a scroll of identify.
f - a scroll of fog {!r} Really read
d - 6 scrolls of identify {!r}?
As you read the scroll of identify {!r}, it crumbles to dust.
i - 2 scrolls of noise {!r} Really read
d - 5 scrolls of identify {!r}?
As you read the scroll of identify {!r}, it crumbles to dust.
g - a scroll of immolation {!r} Really read
d - 4 scrolls of identify {!r}?
As you read the scroll of identify {!r}, it crumbles to dust.
h - 2 scrolls of enchant weapon {!r} You see here a frilled lizard corpse.
k - 79 stones (gained 1) Partly explored, can't reach some places.
Partly explored, can't reach some places.
Partly explored, can't reach some places.
Ijyb is too close now for your liking.
Firing (i - inventory)
k - 79 stones (quivered)
Press: ? - help, Shift-Dir - straight line, f - Ijyb
Aim: Ijyb, wielding a club and wearing a leather armour (hasn't noticed you)
You shoot a stone. The stone closely misses Ijyb.
Ijyb shouts!
You see here a ration.
Casting: Sandblast (safe; 1% risk of failure)
Confirm with . or Enter, or press ? or * to list all spells.
Aiming: Passwall (safe; 8% risk of failure)
Press: ? - help, Dir - move target cursor, p - Ijyb A rock wall.
You begin to meditate on the wall.
You continue meditating on the rock.
Ijyb zaps a wand.
The puff of flame hits you! The fire burns you terribly!
It is a wand of flame (35).
You continue meditating on the rock.
You finish merging with the rock.
You start resting.
Magic restored.
You start resting.
HP restored.
Ijyb is too close now for your liking.
Ijyb zaps a wand.
The puff of flame hits you! The fire burns you terribly!
You see here a ration.
Ijyb zaps a wand.
The puff of flame hits you! The fire burns you terribly!
* * * LOW HITPOINT WARNING * * *
Ijyb zaps a wand.
The puff of flame hits you! The fire burns you terribly!
You die...

#.####..............##.#
##.####..##.....g.......########
†.....#..##.......##.###.......#
########.#####....##.# #.#####.#
.. #.#####.%..##.# #.#####.##
...# #.............# #.##......
._.# #########...### #.##.##.##
...# #### #...# #.#...#.## ..
#..### #@..# #...#...#
########....# #...# ###...###
#.#.....#.#.####<..######.##.####
#)#.#.>.#........................
.............)..(.........%......
#.............................!..
######.####.##.......###.........
##._.##.....##.#...#.# #.........
#8...8########.......# ####......


You could see Ijyb.

Vanquished Creatures
  Grinder (D:3)
  3 gnolls (D:3)
  3 adders
  2 worms
  2 dart slugs
  A giant cockroach (D:1)
  4 goblins
  7 hobgoblins
  5 bats
  2 frilled lizards
  3 kobolds
  3 rats
36 creatures vanquished.

Notes
Turn   | Place    | Note
-------+----------+-------------------------------------------
     0 | D:1      | Amnesiac the Mummy Earth Elementalist began the quest for the Orb.
     0 | D:1      | Reached XP level 1. HP: 13/13 MP: 4/4
   345 | D:3      | Reached XP level 2. HP: 18/19 MP: 2/5
   363 | D:3      | Found a bloodstained altar of Trog.
   491 | D:3      | Noticed Ijyb
   619 | D:3      | Found an ancient bone altar of Kikubaaqudgha.
   619 | D:3      | Found a deep blue altar of Sif Muna.
   621 | D:3      | Found a radiant altar of Vehumet.
   626 | D:3      | Identified Kikubaaqudgha's Reference Book on Darkness
   731 | D:3      | Became a worshipper of Vehumet
   743 | D:3      | Learned a level 2 spell: Passwall
  1014 | D:1      | Reached XP level 3. HP: 24/24 MP: 7/7
  1019 | D:1      | Learned a level 3 spell: Stone Arrow
  1305 | D:2      | Found a hide-covered altar of Uskayaw.
  1933 | D:3      | Noticed Grinder
  1936 | D:3      | Paralysed by Grinder for 3 turns
  1949 | D:3      | Killed Grinder
  1949 | D:3      | Reached XP level 4. HP: 27/30 MP: 0/10
  1949 | D:3      | Reached XP level 5. HP: 32/35 MP: 0/12
  2080 | D:3      | Learned a level 5 spell: Lee's Rapid Deconstruction
  2101 | D:3      | Reached XP level 6. HP: 41/41 MP: 11/13
  2202 | D:3      | Reached * piety under Vehumet
  2202 | D:3      | Offered knowledge of Shock by Vehumet.
  2311 | D:3      | Killed from afar by Ijyb

Vault maps used:
D:1:      dpeg_arrival_pits
D:2:      overflow_temple_1_default, grunt_decor_mini_mirrors
D:3:      grunt_temple_overflow_magic_moments, trog_wizard, uniq_ijyb,
          uniq_grinder

Skill      XL: |  1  2  3 |
---------------+----------+-----
Earth Magic    | 3 4 |  4.9
Spellcasting   | 3 4 |  4.8
Dodging        | |  1.5
Stealth        | |  1.5
Transmutations | |  0.7

Action                   |  1- 3 |  4- 6 || total
-------------------------+-------+-------++-------
Melee: Unarmed           |    12 |       ||    12
 Fire: Hunting sling     |    82 |    17 ||    99
 Cast: Sandblast         |    23 |    10 ||    33
       Passwall          |     1 |     1 ||     2
  Use: Scroll            |       |     4 ||     4
Armor: Robe              |    20 |     3 ||    23
Dodge: Dodged            |    49 |    10 ||    59

Table legend:
 A = Spawn XP
 B = Non-spawn XP
 C = Spawn XP percentage of total XP
 D = Spawn monster count
 E = Non-spawn monster count
 F = Spawn count percentage of total count
 G = Total turns spent on level
                    A         B        C        D         E        F      G
               +---------+---------+-------+---------+---------+-------+---------
         Total |       0 |     411 |   0.0 |       0 |      36 |   0.0 |  2311
               +---------+---------+-------+---------+---------+-------+---------
           D:1 |       0 |      24 |   0.0 |       0 |      14 |   0.0 |   473
           D:2 |       0 |      35 |   0.0 |       0 |       6 |   0.0 |   762
           D:3 |       0 |     352 |   0.0 |       0 |      16 |   0.0 |  1076
               +---------+---------+-------+---------+---------+-------+---------
